 Dungeon Crawl Stone Soup version 0.26.1-2-gb8aa6d0cf2 (webtiles) character file.

Game seed: 11926340970445979987

3374 Amaterasu the Cleaver (level 9, -7/72 HPs)
             Began as a Demonspawn Chaos Knight on Feb 15, 2021.
             Was a Plaything of Xom.
             Mangled by a hornet (13 damage)
             ... on level 8 of the Dungeon.
             The game lasted 00:11:37 (8130 turns).

Amaterasu the Cleaver (Demonspawn Chaos Knight)     Turns: 8130, Time: 00:11:38

Health: -7/72      AC:  8    Str: 12    XL:     9   Next: 74%
Magic:  0/9        EV: 13    Int: 13    God:    Xom [..*...]
Gold:   263        SH:  0    Dex: 26    Spells: 8/8 levels left

rFire    . . .     SeeInvis +   t - +0 war axe
rCold    + . .     Faith    .   (no shield)
rNeg     + . .     Spirit   +   z - +0 ring mail of Midwinter {rC+ Str-4 SInv} (curse)
rPois    +         Reflect  .   (helmet restricted)
rElec    .         Harm     .   j - +0 cloak
rCorr    .         Rampage  .   f - +0 pair of gloves
Will     ++...                  (no boots)
Stlth    +.........             l - amulet "Zutzo" {Spirit rPois Dex+4}
HPRegen  0.22/turn              y - ring "Veipemyi" {rC- rN+ Will++ Dex+5}
MPRegen  0.11/turn              k - ring of flight

@: brilliant, lethally poisoned (-7 -> -7)
A: claws 1, horns 2, molten scales 1, agile 2, blurry vision 1, cold resistance
1, deformed body, deterioration 1, foul stench 1, miasma immunity
a: Renounce Religion, Evoke Flight


You were on level 8 of the Dungeon.
You worshipped Xom.
You were a toy of Xom.
You visited 1 branch of the dungeon, and saw 8 of its levels.

You collected 393 gold pieces.
You spent 130 gold pieces at shops.

Inventory:

Hand Weapons
 t - a +0 war axe (weapon)
Armour
 a - a +0 chain mail
 f - a +0 pair of gloves (worn)
 h - a +1 helmet
 j - a +0 cloak (worn)
 r - a +0 tower shield
 x - the +0 ring mail "Zutsue" {rF+ Int+5}
   (You found it on level 5 of the Dungeon)

   It affects your intelligence (+5).
   It protects you from fire.
 z - the cursed +0 ring mail of Midwinter (worn) {rC+ Str-4 SInv}
   (You found it on level 6 of the Dungeon)

   It affects your strength (-4).
   It protects you from cold.
   It lets you see invisible.
   It has a curse placed upon it.
Jewellery
 k - a ring of flight (right hand)
 l - the amulet "Zutzo" (around neck) {Spirit rPois Dex+4}
   (You bought it in a shop on level 5 of the Dungeon)

   [amulet of guardian spirit]

   It causes incoming damage to be split between your health and magic.
   It affects your dexterity (+4).
   It protects you from poison.
 y - the ring "Veipemyi" (left hand) {rC- rN+ Will++ Dex+5}
   (You found it on level 6 of the Dungeon)

   [ring of positive energy]

   It affects your dexterity (+5).
   It makes you vulnerable to cold.
   It protects you from negative energy.
   It affects your willpower, your defense against some magical effects.
Wands
 m - a wand of flame (22)
 D - a wand of disintegration (5)
Scrolls
 b - 3 scrolls of identify
 c - 3 scrolls of fog
 n - a scroll of blinking
 q - 4 scrolls of teleportation
 u - 4 scrolls of enchant armour
 A - a scroll of immolation
Potions
 d - 2 potions of attraction
 e - 2 potions of brilliance
 g - 3 potions of haste
 i - a potion of resistance
 o - 3 potions of ambrosia
 s - a potion of flight
 v - a potion of invisibility
 w - 2 potions of heal wounds
 C - 2 potions of curing
 F - a potion of magic


   Skills:
 * Level 7.2 Fighting
 * Level 9.0 Axes
 * Level 5.9 Armour
 * Level 3.9 Dodging
 - Level 2.0 Evocations


You had 8 spell levels left.
You didn't know any spells.
Your spell library contained the following spells:

 Spells                   Type           Power        Failure   Level
 Magic Dart               Conj           0%           54%         1
 Shock                    Conj/Air       0%           54%         1
 Searing Ray              Conj           0%           67%         2
 Swiftness                Air            0%           67%         2
 Dazzling Flash           Conj/Hex       0%           88%         3
 Static Discharge         Conj/Air       0%           88%         3
 Airstrike                Air            0%           99%         4
 Fulminant Prism          Conj/Hex       0%           99%         4
 Iskenderun's Mystic Bla  Conj/Tloc      0%           99%         4
 Lightning Bolt           Conj/Air       0%           100%        5


Dungeon Overview and Level Annotations

Branches:
Dungeon (8/15)             Temple (0/1) D:6
   Lair: D:8-11

Altars:
Ashenzari
Dithmenos
Elyvilon
Gozag
Okawaru
Qazlal
Uskayaw
Wu Jian
Xom
Yredelemnul
The Shining One

Shops:
D:5 ==*[*


Innate Abilities, Weirdness & Mutations

You have sharp fingernails.
You are partially covered in molten scales. (AC +2)
You may emit foul miasma when damaged in melee.
You are immune to miasma.
You have a pair of horns on your head.
You are very agile. (Dex +4)
Scrolls take you a little longer to read.
Your flesh is cold resistant. (rC+)
Armour fits poorly on your strangely shaped body.
Your body sometimes deteriorates upon taking damage.


Message History

You hit the gnoll. The gnoll barely misses you. The hornet closely misses you.
The gnoll hits you but does no damage. The hornet closely misses you.
You hit the hornet but do no damage.
The hornet is almost dead.
You barely miss the gnoll.
You feel yourself speed up.
You feel sick. The hornet barely misses you. The gnoll hits you.
* * * LOW HITPOINT WARNING * * *
The hornet stings you.
* * * LOW HITPOINT WARNING * * *
You hit the hornet but do no damage. Your headbutt misses the hornet.
The hornet is almost dead.
You hit the gnoll.
You kill the gnoll!
The hornet closely misses you.
The hornet stings you but does no damage.
You miss the hornet.
The hornet is almost dead.
You feel sick. The hornet stings you!
You die...

## #
### ..
[#...
.##[#.#
.)#...
#...#
#y§.#
###@###
#..§.(#
###.###
#..#..#
###.###
#.....#
###.###
##..#÷#
#.#..##


You could see a hornet (sick).

Vanquished Creatures
  Pikel (D:7)
  An orb spider (D:8)
  Prince Ribbit (D:7)
  2 hornets
  A tarantella (shapeshifter) (D:4)
  Edmund (D:5)
  A water moccasin (D:6)
  Duvessa (D:7)
  An orc warrior (D:7)
  3 phantoms
  2 ogres
  A centaur (D:5)
  2 bullfrogs
  Dowan (D:7)
  2 scorpions
  A centaur zombie (D:8)
  A hound (D:6)
  A jelly (D:7)
  An orc priest (D:7)
  A bullfrog skeleton (D:4)
  3 iguanas
  2 orc wizards
  3 worker ants
  A hound skeleton (D:6)
  A hound zombie (D:5)
  A worker ant zombie (D:6)
  6 adders
  A gnoll (D:8)
  2 white imps
  2 ufetubi
  An ooze (D:4)
  An adder zombie (D:8)
  An adder skeleton (D:4)
  2 dart slugs
  A worm (D:2)
  12 orcs
  10 giant cockroaches
  A goblin (D:1)
  8 hobgoblins
  10 jackals
  4 kobolds
  2 quokkas
  A ball python (D:1)
  6 bats
  A frilled lizard (D:1)
  A quokka skeleton (D:4)
  10 rats
120 creatures vanquished.

Vanquished Creatures (collateral kills)
  An orc warrior (D:6)
1 creature vanquished.

Grand Total: 121 creatures vanquished

Notes
Turn   | Place    | Note
-------+----------+-------------------------------------------
     0 | D:1      | Amaterasu the Demonspawn Chaos Knight began the quest for
                  | the Orb.
     0 | D:1      | Reached XP level 1. HP: 18/18 MP: 1/1
    48 | D:1      | XOM: divination: detect items
   164 | D:1      | Reached skill level 3 in Axes
   168 | D:1      | Gained mutation: You are immune to miasma. [demonic
                  | ancestry]
   168 | D:1      | Reached XP level 2. HP: 23/24 MP: 2/2
   682 | D:1      | Reached XP level 3. HP: 26/29 MP: 3/3
  1103 | D:2      | XOM: silly message
  1175 | D:2      | XOM: silly message
  1188 | D:2      | Found an opulent altar of Gozag.
  1333 | D:2      | XOM: noise
  1403 | D:2      | Found a shadowy altar of Dithmenos.
  1409 | D:2      | Found a white marble altar of Elyvilon.
  1504 | D:2      | Found a broken altar of Ashenzari.
  1541 | D:2      | XOM: silly message
  1593 | D:2      | XOM: noise
  1724 | D:3      | Gained mutation: You may emit foul miasma when damaged in
                  | melee. [demonic ancestry]
  1724 | D:3      | Reached XP level 4. HP: 34/37 MP: 4/4
  1892 | D:3      | XOM: give mutations
  1892 | D:3      | Gained mutation: You are robust. (+10% HP) [Xom's mischief]
  1892 | D:3      | Gained mutation: Your body sometimes deteriorates upon
                  | taking damage. [Xom's mischief]
  1892 | D:3      | Gained mutation: Armour fits poorly on your strangely
                  | shaped body. [Xom's mischief]
  2036 | D:3      | Reached skill level 4 in Axes
  2271 | D:3      | XOM: scenery: create altars
  2450 | D:4      | Noticed a phantom
  2459 | D:4      | Noticed a shapeshifter
  2459 | D:4      | an orc changed into a shapeshifter
  2459 | D:4      | XOM: polymorph orc -> shapeshifter
  2459 | D:4      | Noticed a tarantella
  2459 | D:4      | a shapeshifter changed into a tarantella
  2470 | D:4      | Killed a tarantella
  2471 | D:4      | Reached skill level 5 in Axes
  2471 | D:4      | Gained mutation: You have sharp fingernails. [demonic
                  | ancestry]
  2471 | D:4      | Reached XP level 5. HP: 4/47 MP: 5/5
  2502 | D:4      | Killed a phantom
  2503 | D:4      | Reached skill level 5 in Fighting
  2503 | D:4      | Reached skill level 1 in Dodging
  2503 | D:4      | Reached XP level 6. HP: 15/56 MP: 6/6
  2597 | D:4      | XOM: give mutations
  2597 | D:4      | Gained mutation: You have supernaturally acute eyesight.
                  | (SInv) [Xom's grace]
  2597 | D:4      | Gained mutation: You are agile. (Dex +2) [Xom's grace]
  2597 | D:4      | Gained mutation: Your flesh is cold resistant. (rC+) [Xom's
                  | grace]
  2990 | D:4      | XOM: stat loss: -1 Str (13/14)
  3086 | D:4      | Found an ornate altar of the Wu Jian Council.
  3209 | D:4      | XOM: polymorph worker ant -> ooze
  3256 | D:4      | XOM: summons 2 hostile demons
  3285 | D:4      | Reached XP level 7. HP: 44/61 MP: 7/7
  3357 | D:4      | XOM: scenery: 1 doors close
  3370 | D:4      | Found a glowing golden altar of the Shining One.
  3659 | D:5      | Entered Level 5 of the Dungeon
  3799 | D:5      | XOM: give mutations
  3799 | D:5      | Gained mutation: You have a pair of small horns on your
                  | head. [Xom's grace]
  3799 | D:5      | Gained mutation: You have a pair of horns on your head.
                  | [Xom's grace]
  3799 | D:5      | Gained mutation: You are very agile. (Dex +4) [Xom's grace]
  3805 | D:5      | Reached skill level 1 in Evocations
  3807 | D:5      | Found an iron altar of Okawaru.
  3844 | D:5      | Found Ocuyme's Assorted Antiques.
  3851 | D:5      | Bought a fine garnet amulet for 130 gold pieces
  3856 | D:5      | Identified the amulet "Zutzo" {Spirit rPois Dex+4} (You
                  | bought it in a shop on level 5 of the Dungeon)
  3877 | D:5      | Noticed Edmund
  3881 | D:5      | XOM: cleaving
  3891 | D:5      | XOM: summons 7 friendly demons
  3894 | D:5      | Killed Edmund
  3895 | D:5      | Reached skill level 6 in Axes
  3898 | D:5      | Got a faintly glowing ring mail
  3909 | D:5      | Identified the cursed +0 ring mail "Zutsue" {rF+ Int+5}
                  | (You found it on level 5 of the Dungeon)
  4247 | D:5      | Found a stormy altar of Qazlal.
  4347 | D:5      | Found Reimitet's Jewellery Shoppe.
  4379 | D:5      | Found Ihearghot's Jewellery Boutique.
  4385 | D:5      | Found Murghiur's Assorted Antiques.
  4504 | D:5      | Found Xomailog's Antique Armour Boutique.
  4672 | D:5      | XOM: give mutations
  4672 | D:5      | Lost mutation: You are robust. (+10% HP) [Xom's mischief]
  4672 | D:5      | Lost mutation: You have supernaturally acute eyesight.
                  | (SInv) [Xom's mischief]
  4672 | D:5      | Gained mutation: Scrolls take you a little longer to read.
                  | [Xom's mischief]
  4858 | D:6      | Got a bound pewter ring
  4883 | D:6      | Got a shimmering ring mail
  4897 | D:6      | Identified the cursed +0 ring mail of Midwinter {rC+ Str-4
                  | SInv} (You found it on level 6 of the Dungeon)
  4897 | D:6      | Identified the ring "Veipemyi" {rC- rN+ Will++ Dex+5} (You
                  | found it on level 6 of the Dungeon)
  4929 | D:6      | Noticed a +0 hand axe
  4931 | D:6      | Noticed a +0 hand axe
  4936 | D:6      | Found a hide-covered altar of Uskayaw.
  4977 | D:6      | XOM: divination: detect creatures
  4988 | D:6      | Gained mutation: You are partially covered in molten
                  | scales. (AC +2) [demonic ancestry]
  4988 | D:6      | Reached XP level 8. HP: 22/64 MP: 2/8
  5241 | D:6      | XOM: god gift: metal-bound book {god gift}
  5375 | D:6      | XOM: scenery: create altars
  5516 | D:6      | Found a basalt altar of Yredelemnul.
  5750 | D:6      | Found a staircase to the Ecumenical Temple.
  5857 | D:7      | XOM: 3-stop teleportation journey
  5881 | D:7      | XOM: 1-stop teleportation journey
  5982 | D:7      | XOM: god gift: 40 gold pieces
  6068 | D:7      | Noticed Prince Ribbit
  6082 | D:7      | Killed Prince Ribbit
  6083 | D:7      | Reached skill level 7 in Axes
  6097 | D:7      | XOM: 3-stop teleportation journey
  6106 | D:7      | XOM: divination: detect creatures
  6277 | D:7      | XOM: scenery: 1 doors open
  6339 | D:7      | XOM: silly message
  6377 | D:7      | XOM: god gift: scroll of enchant armour
  6517 | D:7      | Noticed Duvessa
  6517 | D:7      | Noticed Dowan
  6528 | D:7      | Killed Duvessa
  6534 | D:7      | Killed Dowan
  6649 | D:7      | XOM: noise
  6668 | D:7      | XOM: 2-stop teleportation journey
  6880 | D:7      | Noticed Pikel
  6894 | D:7      | Killed Pikel
  6895 | D:7      | Reached skill level 5 in Armour
  6895 | D:7      | Reached XP level 9. HP: 47/71 MP: 6/9
  6981 | D:7      | XOM is BORED!
  6981 | D:7      | XOM: silly message
  7042 | D:7      | Reached skill level 8 in Axes
  7104 | D:7      | XOM: divination: detect items
  7618 | D:8      | XOM is BORED!
  7618 | D:8      | Noticed an orb spider
  7618 | D:8      | a yak changed into an orb spider
  7618 | D:8      | XOM: polymorph yak -> orb spider
  7625 | D:7      | XOM: stat loss: -1 Str (11/12)
  7887 | D:8      | Killed an orb spider
  7888 | D:8      | Reached skill level 9 in Axes
  8100 | D:8      | XOM: potion effect (heal wounds)
  8116 | D:8      | XOM: potion effect (brilliance)
  8118 | D:8      | XOM: smoke on damage
  8130 | D:8      | Mangled by a hornet

Illustrated notes

Levels and vault maps discovered:
D:1:      dpeg_arrival_radiant, layout_basic, glass_columns_b
D:2:      layout_basic, general_overflow_altar, minitemple, minmay_fountain_box
D:3:      layout_rooms
D:4:      layout_loops_ring, nicolae_tso_swordbearing_angel, marbit_many_paths,
          minivault_14
D:5:      layout_loops_ring, okawaru_gym_becter, old_standard_altar,
          serial_shops, shop, shop_statue, kennysheep_mini_moat, shop, shop,
          uniq_edmund
D:6:      layout_loops_cross, yredelemnul_altar_generic,
          dancing_weapons_uskayaw, temple_green
D:7:      layout_basic, uniq_prince_ribbit1, uniq_pikel, uniq_duvessa
D:8:      minmay_the_grid_square_5x5_3x3 [minmay_the_grid_square_5x5_lines,
          minmay_the_grid_square_5x5_comb, minmay_the_grid_square_5x5_inset,
          minmay_the_grid_square_5x5_checkered_sparse,
          minmay_the_grid_square_5x5_megaprize_open,
          minmay_the_grid_square_5x5_hollow_slash,
          minmay_the_grid_square_5x5_bracketed,
          minmay_the_grid_square_5x5_corner, minmay_the_grid_square_5x5_meh],
          layout_gridville

Skill      XL: |  1  2  3  4  5  6  7  8  9 |
---------------+----------------------------+-----
Axes           | 3 5 6 7 9 |  9.0
Fighting       | 4 5 6 7 |  7.2
Dodging        | 1 2 3 |  3.9
Armour         | 2 3 5 |  5.9
Evocations     | 1 2 |  2.0

Action                   |  1- 3 |  4- 6 |  7- 9 || total
-------------------------+-------+-------+-------++-------
Melee: Hand axe          |   131 |   150 |    72 ||   353
       War axe           |       |       |   168 ||   168
       Headbutt          |       |       |    66 ||    66
  Use: Scroll            |     5 |     2 |    14 ||    21
       Potion            |       |     3 |       ||     3
 Stab: Paralysed         |     2 |     2 |       ||     4
       Petrified         |     4 |       |       ||     4
       Petrifying        |       |     1 |       ||     1
       Confused          |       |       |     2 ||     2
       Sleeping          |       |       |     2 ||     2
       Distracted        |       |       |     2 ||     2
Armor: Leather armour    |    71 |    72 |     7 ||   150
       Skin              |       |     6 |       ||     6
       Ring mail         |       |       |    48 ||    48
Dodge: Dodged            |    84 |    99 |   160 ||   343
